AoeStats
← Escobar's sicario

Lombardia

509432371Analyzed
3v3 RM · 6d ago on Sep 26, 2026· 92m 40s· 6 players
Game mode
Random Map
Map size
Normal (6 player)
Population
200
Speed
Normal
Resources
Standard
Victory
Conquest
Starting age
Dark Age
Ending age
Imperial Age
RankedLock teamsTeams togetherTeam positionsShared explorationLock speedFull tech treeHidden civsTurbo modeCheats
Victory
Defeat
🇵🇱 Huns · Poland
1000
+43
🇵🇪 Byzantines · Peru
930
+17
🇵🇱 Spanish · Poland
913
+17
🇫🇮 Franks · Finland
1065
-63
🇫🇮 Mongols · Finland
916
-15
🇫🇮 Danes · Finland
860
-12
Muhis
8:23 Loom
10:39 Feudal Age
12:39 Double-Bit Axe
13:40 Horse Collar
16:30 Bloodlines
18:07 Forging
19:03 Scale Barding Armor
20:49 Wheelbarrow
20:50 Scale Mail Armor
21:37 Padded Archer Armor
23:02 Scale Mail Armor
25:52 Castle Age
26:12 Fletching
26:54 Bow Saw
28:13 Chain Barding Armor
27:50 Bodkin Arrow
28:15 Stone Mining
28:44 Husbandry
28:52 Gold Mining
31:36 Caravan
34:24 Heavy Plow
35:01 Leather Archer Armor
36:42 Gold Shaft Mining
39:16 Ballistics
44:43 Imperial Age
42:52 Iron Casting
42:17 Murder Holes
45:01 Elite Mangudai
46:01 Conscription
48:02 Bracer
50:04 Chemistry
49:10 Siege Engineers
75:42 Light Cavalry
78:58 Hussar
ItamZ
0:28 Loom
13:25 Feudal Age
13:58 Double-Bit Axe
21:10 Scale Barding Armor
26:43 Castle Age
31:12 Bow Saw
31:27 Chain Barding Armor
30:33 Elite Skirmisher
31:19 Husbandry
32:49 Caravan
35:25 Murder Holes
44:48 Imperial Age
42:56 Wheelbarrow
43:40 Pikeman
44:24 Squires
45:49 Cavalier
47:39 Plate Barding Armor
47:32 Hand Cart
46:46 Elite Throwing Axeman
60:05 Halberdier
66:19 Ballistics
67:07 Chemistry
65:54 Capped Ram
71:20 Paladin
Triple-A
11:49 Feudal Age
12:28 Double-Bit Axe
12:43 Horse Collar
14:37 Man-at-Arms
15:27 Loom
19:10 Scale Mail Armor
20:04 Forging
21:04 Arson
26:01 Castle Age
26:52 Gambesons
27:09 Squires
27:42 Bow Saw
27:34 Heavy Plow
30:21 Hamask
31:48 Wheelbarrow
32:34 Chain Mail Armor
33:15 Pikeman
33:17 Long Swordsman
34:28 Murder Holes
35:08 Ballistics
35:53 Iron Casting
35:09 Fletching
36:14 Hand Cart
37:39 Masonry
40:44 Imperial Age
39:16 Bodkin Arrow
40:46 Elite Varangian Guard
41:50 Conscription
46:16 Chemistry
47:32 Plate Mail Armor
47:17 Halberdier
49:30 Blast Furnace
48:48 Caravan
53:08 Capped Ram
58:22 Coinage
59:06 Bracer
60:40 Northmen's Fury
64:10 Banking
64:34 Siege Ram
67:28 Chemistry
66:35 Siege Engineers
Escobar's sicario
2:37 Loom
11:08 Feudal Age
11:33 Horse Collar
11:41 Double-Bit Axe
12:55 Wheelbarrow
13:10 Gold Mining
18:33 Castle Age
17:43 Stone Mining
19:30 Bloodlines
20:30 Bow Saw
23:25 Squires
24:32 Heavy Plow
26:51 Forging
26:47 Scale Barding Armor
26:35 Fletching
28:59 Hand Cart
34:44 Imperial Age
33:47 Chain Barding Armor
35:29 Gold Shaft Mining
36:12 Conscription
36:28 Guilds
36:58 Plate Barding Armor
36:59 Iron Casting
36:54 Husbandry
36:18 Light Cavalry
37:30 Marauders
38:48 Two-Man Saw
39:06 Parthian Tactics
41:14 Blast Furnace
40:15 Scale Mail Armor
40:53 Heavy Cavalry Archer
41:39 Thumb Ring
43:57 Chain Mail Armor
43:37 Bodkin Arrow
43:42 Padded Archer Armor
48:48 Bracer
49:04 Leather Archer Armor
49:00 Caravan
50:32 Hussar
54:08 Elite Tarkan
55:27 Capped Ram
56:45 Elite Skirmisher
71:42 Coinage
73:18 Chemistry
72:39 Ballistics
73:34 Banking
75:31 Murder Holes
75:11 Siege Ram
86:50 Man-at-Arms
86:51 Pikeman
88:04 Halberdier
Wujek Madona
11:13 Loom
13:01 Feudal Age
14:28 Double-Bit Axe
19:16 Wheelbarrow
24:00 Castle Age
23:33 Horse Collar
23:47 Gold Mining
24:41 Town Watch
26:20 Padded Archer Armor
26:31 Forging
26:11 Fletching
28:21 Leather Archer Armor
28:42 Iron Casting
29:33 Bow Saw
33:19 Hand Cart
33:06 Scale Mail Armor
33:12 Scale Barding Armor
33:42 Stone Mining
35:21 Ballistics
37:44 Imperial Age
35:16 Pikeman
35:56 Squires
35:21 Elite Skirmisher
39:05 Conscription
38:40 Gambesons
40:45 Chemistry
43:24 Halberdier
46:34 Blast Furnace
45:49 Chain Mail Armor
45:51 Bloodlines
49:23 Two-Man Saw
52:55 Husbandry
53:16 Town Patrol
54:17 Hoardings
53:19 Cavalier
54:32 Murder Holes
54:43 Caravan
55:48 Onager
59:51 Chain Barding Armor
60:02 Plate Mail Armor
60:02 Ring Archer Armor
59:28 Bodkin Arrow
61:35 Stone Shaft Mining
63:51 Capped Ram
65:38 Siege Ram
68:58 Plate Barding Armor
68:24 Bracer
67:47 Paladin
78:07 Masonry
Juminican
10:49 Loom
12:34 Feudal Age
20:16 Castle Age
18:21 Double-Bit Axe
18:59 Arson
20:12 Scale Barding Armor
20:18 Forging
20:21 Fletching
21:05 Husbandry
22:28 Horse Collar
26:42 Gold Mining
28:19 Greek Fire
29:13 Wheelbarrow
30:38 Chain Barding Armor
30:54 Iron Casting
35:02 Imperial Age
32:47 Squires
32:08 Pikeman
34:24 Gold Shaft Mining
33:39 Stone Mining
35:11 Scale Mail Armor
35:07 Bodkin Arrow
35:17 Elite Varangian Guard
37:18 Logistica
37:29 Conscription
38:56 Plate Barding Armor
38:36 Chain Mail Armor
38:23 Bracer
38:55 Elite Cataphract
40:32 Caravan
40:50 Bow Saw
51:29 Chemistry
50:50 Ballistics
57:48 Light Cavalry
57:50 Cavalier
59:11 Plate Mail Armor
58:41 Padded Archer Armor
59:54 Two-Man Saw
59:20 Hand Cart
59:59 Hussar
60:48 Elite Skirmisher
63:36 Cavalier
65:05 Leather Archer Armor
66:21 Paladin
83:03 Halberdier
87:35 Thumb Ring
86:53 Crossbowman
Connection lost

Rejoining the realm…

Still unreachable

The connection could not be restored.

Session expired

The server has moved on; the page needs a fresh start.